 Dungeon Crawl Stone Soup version 0.30-b1-2-g02819fbbbe (webtiles) character file.

Game seed: 7348535563498603946

147 Mesmaeker13 the Conjurer (level 4, -3/36 HPs)
             Began as a Demigod Reaver on July 15, 2023.
             Killed by divine providence
             ... invoked by an orc priest
              (15 damage)
             ... on level 3 of the Dungeon.
             The game lasted 00:04:42 (1952 turns).

Mesmaeker13 the Conjurer (Demigod Reaver)           Turns: 1952, Time: 00:04:43

Health: -3/36      AC:  5    Str: 13    XL:     4   Next: 81%
Magic:  9/9        EV: 12    Int: 19    God:
Gold:   128        SH:  0    Dex: 12    Spells: 1/6 levels left

rFire   . . .        n - +2 whip (venom)
rCold   + . .        (no shield)
rNeg    . . .        b - +0 leather armour
rPois   .            (no helmet)
rElec   .            (no cloak)
rCorr   .            (no gloves)
SInv    .            r - +1 pair of boots
Will    .....        (no amulet)
Stlth   +            q - ring of protection from cold
HPRegen 0.26/turn    p - ring of flight
MPRegen 0.11/turn

%: no passive effects
@: flying, hasted, very quick
A: high MP 1, forlorn, divine attributes
a: no special abilities


You were on level 3 of the Dungeon.
You visited 1 branch of the dungeon, and saw 3 of its levels.

You collected 128 gold pieces.

Inventory:

Hand Weapons
 a - a +0 spear
 d - a +0 trident
 n - a +2 whip of venom (weapon)
Missiles
 j - 4 boomerangs
Armour
 b - a +0 leather armour (worn)
 r - a +1 pair of boots (worn)
Jewellery
 p - a ring of flight (right hand)
 q - a ring of protection from cold (left hand)
Scrolls
 c - 2 scrolls of teleportation {unknown}
 f - a scroll of fear {unknown}
 k - a scroll of enchant weapon {unknown}
 m - 3 scrolls of immolation {unknown}
 o - 3 scrolls of identify {unknown}
 t - a scroll of vulnerability {unknown}
Potions
 e - a potion of magic
 g - a potion of heal wounds {unknown}
 i - a potion of attraction {unknown}
 s - a potion of might
 u - a potion of ambrosia {unknown}
 v - a potion of curing {unknown}


   Skills:
 + Level 2.2 Fighting
 + Level 1.1 Maces & Flails
 - Level 3.1 Polearms
 + Level 2.7 Dodging
 - Level 1.7 Spellcasting
 - Level 3.2 Conjurations
 + Level 0.6 Summonings
 - Level 1.4 Necromancy
 + Level 0.7 Earth Magic


You had one spell level left.
You knew the following spells:

 Your Spells              Type           Power      Damage    Failure   Level
a - Kiss of Death         Conj/Necr      40%        2d8       9%          1
b - Animate Armour        Summ/Erth      8%         N/A       86%         4

Your spell library contained the following spells:

 Spells                   Type           Power      Damage    Failure   Level
 Slow                     Hex            4%         N/A       22%         1
 Momentum Strike          Conj/Tloc      14%        3d8       17%         2
 Stone Arrow              Conj/Erth      18%        3d8       28%         3
 Hailstorm                Conj/Ice       7%         3d4       34%         3
 Vampiric Draining        Necr           7%         2d6       36%         3
 Summon Guardian Golem    Hex/Summ       2%         N/A       50%         3
 Confusing Touch          Hex            1%         N/A       54%         3
 Orb of Destruction       Conj           7%         9d6       100%        7
 Spellforged Servitor     Conj/Summ      4%         N/A       100%        7
 Lehudib's Crystal Spear  Conj/Erth      4%         10d3      100%        8


Dungeon Overview and Level Annotations

Branches:
Dungeon (3/15)

Shops:
D:1 (


Innate Abilities, Weirdness & Mutations

You have an increased reservoir of magic. (+10% MP)
You shall have no god before yourself.
Your divine heritage dramatically boosts your attributes as you level up.


Message History

The adder bites you but does no damage. The adder attacks as you move away!
The adder barely misses you. The adder attacks as you move away!
The adder bites you but does no damage. The adder barely misses you.
The adder attacks as you move away! The adder bites you but does no damage.
The adder attacks as you move away! The adder bites you but does no damage.
The adder attacks as you move away! The adder misses you.
The adder bites you but does no damage.
You barely miss the adder. The adder completely misses you.
You completely miss the adder. The adder barely misses you.
The adder bites you.
You closely miss the adder. The adder barely misses you.
You completely miss the adder. The adder bites you.
You miss the adder. The adder barely misses you. The orc misses you.
The adder bites you but does no damage.
You whack the adder!
The adder is poisoned.
The adder is severely wounded.
The orc hits you but does no damage. The adder barely misses you.
You closely miss the adder.
The adder is severely wounded.
The orc hits you with a +0 short sword. The adder barely misses you.
The orc hits you but does no damage. The adder attacks as you move away!
The adder bites you. The adder closely misses you.
The orc attacks as you move away! The orc barely misses you.
The orc attacks as you move away! The orc hits you but does no damage.
It was a potion of magic.
Magic courses through your body. The orc hits you with a +0 short sword.
It was a potion of flight.
You feel more buoyant.
The orc hits you from afar with a +0 trident.
The orc closely misses you.
It was a potion of haste.
You feel yourself speed up. The orc hits you but does no damage.
The orc closely misses you.
You kill the adder!
The orc throws a stone.
The stone barely misses you.
The orc throws a stone.
The stone hits you.
The orc priest invokes the aid of Beogh against you.
Beogh smites you!
You die...

#.# ##o######.#
#.# #o# #.#
##.######### #.#
#.#
.#.........#####o#
#.#
...#######.......#
#.# .#.# #.#####.#
#.# .#.#
#.#####.######.#
.#.#
#.รท............#
.#.#
#.#####@########
.#.# #.# #.#
...#######.#####.#
.................#
##.##.############
#....# #####.#
......# #######


You could see an orc priest and an orc.

Vanquished Creatures
  A hound (D:3)
  A gnoll (D:1)
  4 adders
  A dart slug (D:2)
  3 orcs (D:3)
  6 endoplasms
  A giant cockroach (D:2)
  7 goblins
  6 hobgoblins
  2 jackals (D:1)
  8 kobolds
  4 quokkas (D:1)
  8 ball pythons
  3 bats
  2 frilled lizards
  6 rats
63 creatures vanquished.

Notes
Turn   | Place    | Note
-------+----------+-------------------------------------------
     0 | D:1      | Mesmaeker13 the Demigod Reaver began the quest for the Orb.
     0 | D:1      | Reached XP level 1. HP: 17/17 MP: 5/5
   113 | D:1      | Reached XP level 2. HP: 13/24 MP: 7/7
   359 | D:1      | Found Icobrasu's Antique Weapon Boutique.
   397 | D:1      | Reached skill level 1 in Necromancy
   462 | D:1      | Reached XP level 3. HP: 13/25 MP: 3/8
  1393 | D:2      | Reached XP level 4. HP: 30/36 MP: 9/9
  1566 | D:2      | Learned a level 4 spell: Animate Armour
  1694 | D:3      | Reached skill level 1 in Maces & Flails
  1952 | D:3      | Killed from afar by an orc priest

Illustrated notes

Levels and vault maps discovered:
D:1:      sevenhm_arrival_forest_fort_small_5, layout_rooms, serial_shops, shop,
          minmay_quantized
D:2:      layout_loops_ring, serial_rivers, chequers_serial_rivers_micro_c,
          chequers_serial_rivers_small_3, chequers_serial_rivers_micro_d,
          chequers_serial_rivers_micro_d, minivault_27
D:3:      layout_loops_ring, ebering_ghost_disaster_area,
          nicolae_ecumenical_snake_handling

Skill      XL: |  1  2  3  4 |
---------------+-------------+-----
Dodging        | 2 |  2.7
Polearms       | 3 |  3.1
Conjurations   | 3 |  3.2
Necromancy     | 1 |  1.4
Fighting       | 2 |  2.2
Maces & Flails | 1 |  1.1
Spellcasting   | |  1.7
Summonings     | |  0.6
Earth Magic    | |  0.7

Action                     |  1- 3 |  4- 6 || total
---------------------------+-------+-------++-------
  Melee: Spear             |   106 |       ||   106
         Punch             |     1 |       ||     1
         Whip              |    55 |    48 ||   103
   Cast: Kiss of Death     |     1 |       ||     1
    Use: Potion            |       |     3 ||     3
   Stab: Sleeping          |     1 |       ||     1
 Armour: Leather armour    |    44 |    24 ||    68
  Dodge: Dodged            |    80 |    48 ||   128
